 Dungeon Crawl Stone Soup version 0.25.1-1-g288607f5aa (webtiles) character file.

Game seed: 17791827405111954507

144 jt the Shield-Bearer (level 5, -2/41 HPs)
             Began as a Formicid Fighter on July 24, 2020.
             Killed from afar by an orc wizard (5 damage)
             ... with a magic dart
             ... on level 3 of the Dungeon.
             The game lasted 00:04:57 (2147 turns).

jt the Shield-Bearer (Formicid Fighter)             Turns: 2147, Time: 00:04:58

Health: -2/41      AC: 11    Str: 21    XL:     5   Next: 52%
Magic:  5/5        EV:  6    Int:  8    God:
Gold:   184        SH:  0    Dex: 12    Spells: 4/4 levels left

rFire    . . .     SeeInvis +   a - +0 war axe
rCold    . . .     Gourm    .   c - +1 kite shield
rNeg     . . .     Faith    .   d - +2 chain mail {rPois}
rPois    +         Spirit   .   (helmet unavailable)
rElec    .         Reflect  .   (no cloak)
rCorr    .         Harm     .   (no gloves)
MR       .....                  (no boots)
Stlth    ..........             (no amulet)
HPRegen  0.13/turn              (no ring)
MPRegen  0.09/turn              (no ring)

@: confused, lethally poisoned (-2 -> -19)
A: permanent stasis, dig shafts and tunnels, four strong arms, antennae 3,
hooves 1, agile 1, no potion heal 1
a: Dig, Shaft Self


You were on level 3 of the Dungeon.
You were not hungry.

You visited 1 branch of the dungeon, and saw 4 of its levels.

You collected 184 gold pieces.

Inventory:

Hand Weapons
 a - a +0 war axe (weapon)
 n - a +0 mace
Missiles
 e - 53 stones (quivered)
 g - 27 bolts
 l - 18 arrows
 m - 56 sling bullets
 p - 4 boomerangs
Armour
 c - a +1 kite shield (worn)
 d - a +2 chain mail of poison resistance (worn)
Jewellery
 q - an uncursed amulet of regeneration {unknown}
Scrolls
 h - a scroll of remove curse {unknown}
 i - a scroll of enchant armour
 j - 2 scrolls of identify {unknown}
 k - a scroll of teleportation
 s - a scroll of amnesia {unknown}
Comestibles
 b - 4 chunks of flesh
 f - 6 rations


   Skills:
 - Level 3.6 Fighting
 + Level 3.7 Axes
 - Level 3.6 Armour
 + Level 5.2 Shields


You had 4 spell levels left.
You didn't know any spells.
Your spell library was empty.

Dungeon Overview and Level Annotations

Branches:
Dungeon (4/15)
 Temple: D:4-7

Altars:

Annotations:
D:3 Sigmund


Innate Abilities, Weirdness & Mutations

You cannot be hasted, slowed, berserked, paralysed or teleported.
You can dig through walls and to a lower floor.
Your four strong arms can wield two-handed weapons with a shield.
You have a pair of large antennae on your head. (SInv)
You have large cloven feet.
You are agile. (Dex +2)
Potions are less effective at restoring your health.


Message History

You feel sick. The orc wizard completely misses you.
You're too confused to move!
* * * LOW HITPOINT WARNING * * *
You feel sick.
The orc wizard hits you with a +2 dagger of venom.
* * * LOW HITPOINT WARNING * * *
You closely miss the orc wizard.
* * * LOW HITPOINT WARNING * * *
You feel sick.
The orc wizard hits you but does no damage.
Some of the chunks of flesh in your inventory have rotted away.
It was a potion of mutation.
You feel extremely strange.
Your feet thicken and deform.
Your system partially rejects the healing effects of potions.
You feel agile.
* * * LOW HITPOINT WARNING * * *
You feel sick.
The orc wizard gestures at you while chanting.
The magic dart hits you.
You die...

#..#####.# #...
#..#####.## ##...
#.......... ...##
#....###[##. ..#
#..รท.# { #.# .)##
#....###..... #...
#.))>.......#. #)#.
##.o.####..>#.##<#.
#@..# #.....(...
#..## #.........
#..# ##.((##.##
#..# #... #.# #..#
#.# #.# #... { ...
#.# #..# ## #.#
#..# #.# #.#


You could see an orc wizard.

Vanquished Creatures
  Terence (D:2)
  An orc wizard (D:3)
  5 adders
  A worm (D:2)
  3 dart slugs
  An orc (D:3)
  7 bats
  4 giant cockroaches
  5 goblins
  2 hobgoblins (D:1)
  7 kobolds
  2 frilled lizards
  5 rats
44 creatures vanquished.

Notes
Turn   | Place    | Note
-------+----------+-------------------------------------------
     0 | D:1      | jt the Formicid Fighter began the quest for the Orb.
     0 | D:1      | Reached XP level 1. HP: 18/18 MP: 1/1
   119 | D:1      | Reached XP level 2. HP: 20/24 MP: 2/2
   241 | D:1      | Reached skill level 4 in Shields
   400 | D:1      | Reached XP level 3. HP: 28/29 MP: 3/3
  1120 | D:2      | Noticed Terence
  1130 | D:2      | Killed Terence
  1130 | D:2      | Reached XP level 4. HP: 17/36 MP: 4/4
  1918 | D:2      | Reached XP level 5. HP: 35/41 MP: 5/5
  2008 | D:3      | Noticed Sigmund
  2069 | D:3      | Reached skill level 5 in Shields
  2147 | D:3      | Gained mutation: You have large cloven feet. [potion of
                  | mutation]
  2147 | D:3      | Gained mutation: Potions are less effective at restoring
                  | your health. [potion of mutation]
  2147 | D:3      | Gained mutation: You are agile. (Dex +2) [potion of
                  | mutation]
  2147 | D:3      | Killed from afar by an orc wizard

Illustrated notes

Levels and vault maps discovered:
D:1:      dpeg_arrival_prison, layout_rooms, chequers_serial_rivers_small_a
D:2:      layout_loops_ring, first_ration, uniq_terence
D:3:      layout_loops_ring, uniq_sigmund, uniq_crazy_yiuf_cottage, uniq_natasha
D:4:      layout_cave_pools

Skill      XL: |  1  2  3  4  5 |
---------------+----------------+-----
Shields        | 4 5 |  5.2
Axes           | 3 |  3.7
Fighting       | |  3.6
Armour         | |  3.6

Action                   |  1- 3 |  4- 6 || total
-------------------------+-------+-------++-------
Melee: War axe           |   116 |    68 ||   184
Throw: Stone             |     7 |    14 ||    21
  Use: Potion            |     1 |     3 ||     4
       Scroll            |       |     2 ||     2
  Eat: Chunk             |     1 |     3 ||     4
Armor: Scale mail        |    66 |       ||    66
       Chain mail        |       |    42 ||    42
Dodge: Dodged            |    37 |    10 ||    47
Block: Kite shield       |    73 |    35 ||   108
